 Dungeon Crawl Stone Soup version 0.29-a0-553-g81b289dbe5 (webtiles) character file.

Game seed: 6603251951205473536

3443 grumblor the Chopper (level 10, -2/53 HPs)
             Began as a Vine Stalker Fighter on June 6, 2022.
             Was an Initiate of Ru.
             Slain by a two-headed ogre
             ... wielding a +0 giant spiked club
              (14 damage)
             ... on level 6 of the Dungeon.
             The game lasted 00:11:19 (5011 turns).

grumblor the Chopper (Vine Stalker Fighter)         Turns: 5011, Time: 00:11:19

Health: -2/53      AC: 15    Str: 24    XL:     10   Next: 5%
Magic:  0/11       EV:  6    Int:  8    God:    Ru [......]
Gold:   280        SH:  9    Dex: 13    Spells: 9/9 levels left

rFire   . . .      SeeInvis +   a - +1 war axe (freeze)
rCold   . . .      Faith    .   o - +0 kite shield
rNeg    . . .      Spirit   +   A - +0 plate armour
rPois   .          Reflect  .   r - +1 helmet
rElec   .          Harm     .   c - +0 cloak
rCorr   .          Rampage  .   (no gloves)
Will    ++...                   (no boots)
Stlth   ..........              b - amulet of magic regeneration
HPRegen 0.97/turn               j - ring of see invisible
MPRegen 0.52/turn               v - ring of willpower

@: studying Unarmed Combat
A: fangs 3, regeneration 1, magic shield, antimagic bite, no potion heal 2
a: Renounce Religion


You were on level 6 of the Dungeon.
You worshipped Ru.
Ru was noncommittal.
You visited 2 branches of the dungeon, and saw 7 of its levels.

You collected 280 gold pieces.

Inventory:

Hand Weapons
 a - a +1 war axe of freezing (weapon)
Missiles
 i - 7 boomerangs (quivered)
 u - 13 poisoned darts
 x - 4 javelins
Armour
 c - a +0 cloak (worn)
 o - a +0 kite shield (worn)
 r - a +1 helmet (worn)
 A - a +0 plate armour (worn)
Jewellery
 b - an amulet of magic regeneration (around neck)
 j - a ring of see invisible (left hand)
 v - a ring of willpower (right hand)
Wands
 k - a wand of polymorph (2)
 n - a wand of charming (9)
 q - a wand of mindburst (15)
 t - a wand of acid (3)
 y - a wand of flame (25)
Scrolls
 e - a scroll of poison
 s - a scroll of fear
Potions
 d - a potion of might
 f - 2 potions of curing
 g - 2 potions of lignification
 h - 4 potions of flight
 l - a potion of attraction {unknown}
 m - a potion of resistance {unknown}
 w - a potion of heal wounds {unknown}
 z - a potion of cancellation {unknown}


   Skills:
 * Level 5.8 Fighting
 + Level 6.6 Axes
 - Level 2.0 Throwing
 + Level 5.1 Armour
 - Level 4.0 Dodging
 * Level 5.6 Shields
 * Level 4.1 Evocations


You had 9 spell levels left.
You didn't know any spells.
Your spell library contained the following spells:

 Spells                   Type           Power      Damage    Failure   Level
 Beastly Appendage        Tmut           0%         N/A       100%        1
 Shock                    Conj/Air       0%         1d3       100%        1
 Wereblood                Tmut           0%         N/A       100%        2
 Spider Form              Tmut/Pois      0%         N/A       100%        3
 Swiftness                Air            0%         N/A       100%        3
 Airstrike                Air            0%         N/A       100%        4


Dungeon Overview and Level Annotations

Branches:
Dungeon (6/15)             Temple (1/1) D:4

Altars:
Ashenzari
Cheibriados
Dithmenos
Elyvilon
Gozag
Kikubaaqudgha
Makhleb
Nemelex Xobeh
Okawaru
Qazlal
Ru
Sif Muna
Trog
Uskayaw
Vehumet
Xom
Zin
The Shining One

Shops:
D:3 :[!!!


Innate Abilities, Weirdness & Mutations

You have razor-sharp teeth.
Your natural rate of healing is unusually fast.
When hurt, damage is shared between your health and your magic reserves.
Your bite disrupts and absorbs the magic of your enemies.
Potions cannot restore your health.


Message History

You see here an iguana skeleton.
The two-headed ogre shouts in stereo!
Aiming: Paralyse
Press: ? - help, Shift-Dir - straight line, f - two-headed ogre
Aim: a two-headed ogre, wielding a +0 giant spiked club and a +0 dire flail (chance to affect: 41%)
The two-headed ogre resists with some effort.
Aiming: Paralyse
Press: ? - help, Shift-Dir - straight line, f/p - two-headed ogre
Aim: a two-headed ogre, wielding a +0 giant spiked club and a +0 dire flail (chance to affect: 41%)
The two-headed ogre resists with some effort.
Aiming: Paralyse
Press: ? - help, Shift-Dir - straight line, f/p - two-headed ogre
Aim: a two-headed ogre, wielding a +0 giant spiked club and a +0 dire flail (chance to affect: 41%)
The two-headed ogre resists with some effort.
Aiming: Paralyse
Press: ? - help, Shift-Dir - straight line, f/p - two-headed ogre
Aim: a two-headed ogre, wielding a +0 giant spiked club and a +0 dire flail (chance to affect: 41%)
The two-headed ogre resists with some effort.
The now-empty wand crumbles to dust.
The two-headed ogre barely misses you.
The two-headed ogre hits you with a +0 dire flail!
Aiming: Mindburst
Press: ? - help, Shift-Dir - straight line, f/p - two-headed ogre
Aim: a two-headed ogre, wielding a +0 giant spiked club and a +0 dire flail (chance to affect: 64%)
The two-headed ogre struggles to resist.
Aiming: Mindburst
Press: ? - help, Shift-Dir - straight line, f/p - two-headed ogre
Aim: a two-headed ogre, wielding a +0 giant spiked club and a +0 dire flail (chance to affect: 64%)
The two-headed ogre struggles to resist.
The two-headed ogre hits you with a +0 giant spiked club!!
The two-headed ogre hits you with a +0 dire flail.
You slash the two-headed ogre! You freeze the two-headed ogre.
The two-headed ogre is moderately wounded.
The two-headed ogre hits you with a +0 giant spiked club!
The two-headed ogre hits you but does no damage.
Unknown command.
The two-headed ogre attacks as you move away!
The two-headed ogre hits you with a +0 giant spiked club!
* * * LOW HITPOINT WARNING * * *
The two-headed ogre hits you with a +0 dire flail!!
You die...

.### #........[##..###### #.# .#
#..........#.###...# #.# .#
#............# #...###.###
#########..........####.....<...#
#.......#.............#.....[...#
#.......#........##)...<......).#
.........#....#.######.........#
######.#.###...#.###............#
.......#...##..O@.....###.......#
.......###....#.>....#...#......#
........####..####)..#..###..####
......#.......#####..#.#.#.#..##
......#####...........###.###..#
.<....# #.#...##...#.#.#.#.#.#
####### #.######...#..###÷.#.#
#.# #≈#...#.#.#.#.#.# #.#
#≈#..[.###.###..#


You could see a two-headed ogre.

Vanquished Creatures
  A boulder beetle (D:5)
  Pikel (D:5)
  An unseen horror (D:6)
  Grinder (D:6)
  2 orc warriors (D:6)
  A black bear (D:5)
  An ogre (D:5)
  2 centaurs
  A lemure (D:5)
  A phantom (D:5)
  A kobold brigand (D:5)
  A necrophage (D:5)
  5 scorpions
  A bullfrog (D:6)
  A jelly (D:5)
  3 orc priests
  2 hounds
  A gnoll shaman (D:6)
  4 iguanas
  Natasha (thrice) (D:3)
  8 orc wizards
  6 gnolls
  8 adders
  An ufetubus (D:3)
  2 worms
  14 dart slugs
  14 orcs
  7 endoplasms
  5 giant cockroaches
  14 goblins
  9 hobgoblins
  3 jackals (D:1)
  2 quokkas (D:4)
  9 ball pythons
  3 bats
  3 frilled lizards
  2 kobolds
  4 rats (D:2)
148 creatures vanquished.

Vanquished Creatures (others)
  7 fungi (D:6)
  A plant (D:3)
8 creatures vanquished.

Grand Total: 156 creatures vanquished

Notes
Turn   | Place    | Note
-------+----------+-------------------------------------------
     0 | D:1      | grumblor the Vine Stalker Fighter began the quest for the
                  | Orb.
     0 | D:1      | Reached XP level 1. HP: 11/11 MP: 2/2
    40 | D:1      | Found a faded altar of an unknown god.
    56 | D:1      | Reached XP level 2. HP: 11/16 MP: 3/3
   919 | D:2      | Reached skill level 2 in Axes
   919 | D:2      | Reached XP level 3. HP: 9/20 MP: 4/4
  1803 | D:2      | Gained mutation: Your natural rate of healing is unusually
                  | fast. [Vine Stalker growth]
  1803 | D:2      | Reached XP level 4. HP: 21/24 MP: 5/5
  2119 | D:3      | Reached skill level 1 in Throwing
  2147 | D:3      | Reached skill level 1 in Dodging
  2225 | D:3      | Found Ubiecvy's Antique Armour Emporium.
  2272 | D:3      | Noticed Natasha
  2273 | D:3      | Found Ozilob's Distillery.
  2282 | D:3      | Killed Natasha
  2283 | D:3      | Reached XP level 5. HP: 28/28 MP: 6/6
  2298 | D:3      | Found Hegouf's Distillery.
  2364 | D:3      | Found Vastrir's Distillery.
  2374 | D:3      | Noticed Natasha
  2382 | D:3      | Killed Natasha
  2419 | D:3      | Noticed Natasha
  2426 | D:3      | Killed Natasha
  2469 | D:3      | Reached skill level 3 in Axes
  2516 | D:3      | Found Xosuabla's Book Emporium.
  2704 | D:4      | Reached XP level 6. HP: 32/32 MP: 7/7
  2994 | D:4      | Found a staircase to the Ecumenical Temple.
  3003 | Temple   | Entered the Ecumenical Temple
  3039 | Temple   | Became a worshipper of Ru the Awakened
  3336 | D:5      | Entered Level 5 of the Dungeon
  3486 | D:5      | Reached XP level 7. HP: 34/37 MP: 8/8
  3514 | D:5      | Reached skill level 1 in Evocations
  3601 | D:5      | Reached skill level 4 in Axes
  4191 | D:6      | Noticed Grinder
  4203 | D:6      | Gained mutation: You have razor-sharp teeth. [Vine Stalker
                  | growth]
  4203 | D:6      | Reached XP level 8. HP: 30/42 MP: 7/9
  4353 | D:6      | Killed Grinder
  4354 | D:6      | Reached skill level 5 in Axes
  4548 | D:6      | Reached XP level 9. HP: 42/46 MP: 10/10
  4617 | D:6      | Reached skill level 5 in Fighting
  4682 | D:6      | Noticed an unseen horror
  4690 | D:6      | Noticed a two-headed ogre
  4691 | D:6      | Noticed Pikel
  4695 | D:6      | Noticed a boulder beetle
  4765 | D:6      | Killed an unseen horror
  4809 | D:5      | Killed a boulder beetle
  4810 | D:5      | Reached skill level 6 in Axes
  4810 | D:5      | Reached skill level 5 in Shields
  4905 | D:5      | Killed Pikel
  4906 | D:5      | Reached skill level 5 in Armour
  4906 | D:5      | Reached XP level 10. HP: 24/53 MP: 7/11
  5011 | D:6      | Slain by a two-headed ogre

Illustrated notes

Levels and vault maps discovered:
D:1:      zaba_arrival_water, layout_rooms, basic_ecumenical_altar
D:2:      cheibrodos_greedy_goblins, layout_basic
D:3:      layout_rooms, serial_shops, nicolae_shop_hallway_plus,
          nicolae_shop_statue_plus, nicolae_shop_hallway_plus,
          nicolae_shop_overgrown_old_shop, shop, uniq_natasha
D:4:      kennysheep_slugbush, layout_basic, minmay_temple_entry_poolview,
          minmay_box_of_dots
D:5:      layout_basic, kennysheep_generic_room_7
D:6:      layout_rooms, serial_aquarium, aquarium_bridge_island_small
          [aquarium_subvault_small_water, aquarium_subvault_balcony,
          aquarium_subvault_bridge, aquarium_subvault_bridge,
          aquarium_subvault_balcony], aquarium_window_fake, aquarium_window_2,
          aquarium_window_corner, aquarium_window_corner, aquarium_view_2b,
          aquarium_view_2c, minmay_manual_mail, uniq_pikel, uniq_grinder
Temple:   nicolae_temple_the_god_donut

Skill      XL: |  1  2  3  4  5  6  7  8  9 |
---------------+----------------------------+-----
Fighting       | 3 4 5 |  5.8
Axes           | 2 3 4 5 6 |  6.6
Throwing       | 1 2 |  2.0
Dodging        | 1 2 3 4 |  4.0
Armour         | 3 4 5 |  5.1
Shields        | 3 4 5 |  5.6
Evocations     | 1 2 4 |  4.1

Action                   |  1- 3 |  4- 6 |  7- 9 | 10-12 || total
-------------------------+-------+-------+-------+-------++-------
Melee: War axe           |    91 |   138 |   182 |     1 ||   412
       Bite              |    18 |    31 |    57 |       ||   106
       Unarmed           |       |       |    13 |       ||    13
Throw: Boomerang         |       |    11 |     4 |       ||    15
Invok: Reject Sacrifices |       |       |     1 |       ||     1
Evoke: Wand              |       |       |     1 |     6 ||     7
  Use: Scroll            |     3 |     8 |     5 |       ||    16
 Stab: Paralysed         |       |       |     7 |       ||     7
Armor: Scale mail        |    49 |    21 |       |       ||    70
       Chain mail        |       |    57 |    79 |       ||   136
       Plate armour      |       |       |    55 |     1 ||    56
Dodge: Dodged            |    51 |    51 |    81 |     1 ||   184
Block: Buckler           |    22 |    24 |       |       ||    46
       Kite shield       |       |    24 |   106 |       ||   130

Table legend: (Time is in decaauts)
 A = Elapsed time spent in this place.
 B = Non-inter-level travel time spent in this place.
 C = Inter-level travel time spent in this place.
 D = Time resting spent in this place.
 E = Time spent auto-exploring this place.
 F = Levels seen in this place.
 G = Mean time per level.
                   A        B        C        D        E       F      G
               +--------+--------+--------+--------+--------+-----+--------+
         Total |   5215 |   5072 |    143 |    202 |   3585 |   7 |  745.0 |
       Dungeon |   5147 |   5035 |    112 |    202 |   3568 |   6 |  857.8 |
        Temple |     67 |     36 |     31 |      0 |     17 |   1 |   67.0 |
               +--------+--------+--------+--------+--------+-----+--------+

Top non-repeatable levels by time:
     D:2: 1245 daAuts
     D:5: 1209 daAuts
     D:1: 925 daAuts
     D:4: 648 daAuts
     D:3: 568 daAuts
     D:6: 551 daAuts
  Temple: 67 daAuts
